AoeStats
← oslepov1

Arabia

505935234Analyzed
1v1 RM · 21d ago on Sep 11, 2026· 34m 40s· 2 players
Game mode
Random Map
Map size
Tiny (2 player)
Population
200
Speed
Normal
Resources
Standard
Victory
Conquest
Starting age
Dark Age
Ending age
Imperial Age
RankedLock teamsTeams togetherTeam positionsShared explorationLock speedFull tech treeHidden civsTurbo modeCheats
Victory
Defeat
🇧🇴 Burgundians · Bolivia
801
+17
🇬🇧 Franks · United Kingdom
814
-44
OscarNassir
5:00 Loom
5:35 Double-Bit Axe
12:01 Feudal Age
11:08 Horse Collar
13:17 Wheelbarrow
21:00 Castle Age
20:59 Forging
20:50 Scale Mail Armor
21:30 Cavalier
22:12 Husbandry
22:54 Scale Mail Armor
27:15 Bow Saw
27:07 Heavy Plow
33:09 Iron Casting
32:49 Chain Mail Armor
32:39 Scale Barding Armor
oslepov1
6:04 Loom
13:19 Feudal Age
16:31 Wheelbarrow
19:49 Forging
20:26 Scale Barding Armor
20:19 Fletching
21:16 Double-Bit Axe
28:40 Castle Age
31:29 Husbandry
Connection lost

Rejoining the realm…

Still unreachable

The connection could not be restored.

Session expired

The server has moved on; the page needs a fresh start.